 Dungeon Crawl Stone Soup version 0.31-a0-18-gea43df2a32 (webtiles) character file.

Game seed: 6888186569563146245

2 jcs112 the Chopper (level 1, 0/20 HPs)
             Began as a Hill Orc Berserker on May 11, 2023.
             Was a Follower of Trog.
             Slain by a jackal (2 damage)
             ... on level 1 of the Dungeon.
             The game lasted 00:00:16 (31 turns).

jcs112 the Chopper (Hill Orc Berserker)               Turns: 31, Time: 00:00:17

Health: 0/20       AC:  2    Str: 19    XL:     1   Next: 40%
Magic:  1/1        EV: 12    Int:  7    God:    Trog [*.....]
Gold:   0          SH:  0    Dex: 10    Spells: 0/0 levels left

rFire   . . .        a - +0 hand axe
rCold   . . .        (no shield)
rNeg    . . .        b - +0 animal skin
rPois   .            (no helmet)
rElec   .            (no cloak)
rCorr   .            (no gloves)
SInv    .            (no boots)
Will    .....        (no amulet)
Stlth   +            (no ring)
HPRegen 0.23/turn    (no ring)
MPRegen 0.07/turn

%: no passive effects
@: no status effects
A: no striking features
a: Renounce Religion, Berserk


You were on level 1 of the Dungeon.
You worshipped Trog.
Trog was aware of your devotion.
You visited 1 branch of the dungeon, and saw 1 of its levels.

Inventory:

Hand Weapons
 a - a +0 hand axe (weapon)
Armour
 b - a +0 animal skin (worn)


   Skills:
 + Level 3.7 Fighting
 + Level 4.1 Axes
 + Level 2.2 Armour
 + Level 1.6 Dodging


You couldn't memorise any spells.
You didn't know any spells.
Your spell library was empty.

Dungeon Overview and Level Annotations

Branches:
Dungeon (1/15)

Altars:


Message History

The jackal closely misses you. The gnoll hits you with a +0 club.
You barely miss the jackal. You hit the gnoll. You barely miss the jackal.
You closely miss the goblin. The jackal bites you.
The jackal bites you but does no damage.
The gnoll closely misses you. The goblin hits you with a +0 club.
You closely miss the jackal. You barely miss the gnoll.
You closely miss the jackal. You barely miss the goblin.
The jackal barely misses you. The jackal bites you.
The gnoll hits you with a +0 club. The goblin closely misses you.
The jackal completely misses you.
You hit the jackal.
You kill the jackal!
Trog accepts your kill.
You hit the gnoll but do no damage. You hit the jackal.
You barely miss the jackal. You closely miss the goblin.
The jackal bites you but does no damage.
The jackal closely misses you. The gnoll closely misses you.
The goblin closely misses you.
You barely miss the jackal. You closely miss the gnoll.
You closely miss the jackal. You hit the goblin. The jackal bites you. x2
* * * LOW HITPOINT WARNING * * *
The gnoll closely misses you. The goblin closely misses you.
The jackal bites you.
* * * LOW HITPOINT WARNING * * *
The jackal barely misses you.
You closely miss the jackal. You hit the jackal but do no damage.
You hit the goblin.
You kill the goblin!
Trog accepts your kill.
You hit the gnoll. The jackal bites you.
* * * LOW HITPOINT WARNING * * *
The jackal bites you but does no damage.
The gnoll barely misses you. The jackal closely misses you.
You hit the hobgoblin.
The hobgoblin is moderately wounded.
You closely miss the gnoll. You barely miss the jackal.
You closely miss the jackal. The jackal closely misses you.
The hobgoblin completely misses you. The gnoll misses you.
The jackal barely misses you. The jackal bites you.
You die...

#....#.# #.####.##
###..# ##......#.#
#.... #....##.#>.
##.#.#
#....##.##.##....#
#.......##.#....#
#.......##.....#
..........###.#gh#
#####...........@#
########.##hg.......
#.##.#######. .h##.#
.####.# #. #.# # ..#
.##


You could see a gnoll, 2 jackals and a hobgoblin.

Vanquished Creatures
  A goblin (D:1)
  A jackal (D:1)
2 creatures vanquished.

Notes
Turn   | Place    | Note
-------+----------+-------------------------------------------
     0 | D:1      | jcs112 the Hill Orc Berserker began the quest for the Orb.
     0 | D:1      | Reached XP level 1. HP: 19/19 MP: 1/1
    31 | D:1      | Slain by a jackal

Illustrated notes

Levels and vault maps discovered:
D:1:      amcnicky_arrival_single_pillar, layout_rooms

Action                     || total
---------------------------++-------
  Melee: Hand axe          ||     7
 Armour: Animal skin       ||     4
  Dodge: Dodged            ||    21

Table legend: (Time is in decaauts)
 A = Elapsed time spent in this place.
 B = Non-inter-level travel time spent in this place.
 C = Inter-level travel time spent in this place.
 D = Time resting spent in this place.
 E = Time spent auto-exploring this place.
 F = Levels seen in this place.
 G = Mean time per level.
                   A        B        C        D        E       F      G
               +--------+--------+--------+--------+--------+-----+--------+
         Total |     31 |     31 |      0 |      0 |      0 |   1 |   31.0 |
       Dungeon |     31 |     31 |      0 |      0 |      0 |   1 |   31.0 |
               +--------+--------+--------+--------+--------+-----+--------+

Top non-repeatable levels by time:
     D:1: 31 daAuts
